 Dungeon Crawl Stone Soup version 0.21.1-72-gffa868e (webtiles) character file.

176 Madoushi the Skirmisher (level 5, -1/47 HPs)
             Began as a Minotaur Berserker on Aug 3, 2018.
             Was a Believer of Trog.
             Slain by Menkaure (20 damage)
             ... on level 4 of the Dungeon.
             The game lasted 00:08:58 (2833 turns).

Madoushi the Skirmisher (Minotaur Berserker)        Turns: 2833, Time: 00:08:59

Health: -1/47      AC: 11    Str: 23    XL:     5   Next: 30%
Magic:  4/4        EV:  6    Int:  4    God:    Trog [**....]
Gold:   209        SH:  9    Dex:  9    Spells: 4/4 levels left

rFire    . . .     SeeInvis .   a - +0 hand axe
rCold    . . .     Gourm    .   r - +2 shield {rPois}
rNeg     . . .     Faith    .   g - +0 chain mail
rPois    +         Spirit   .   (helmet restricted)
rElec    .         Reflect  .   x - +0 cloak
rCorr    .         Harm     .   (no gloves)
MR       .....                  j - +0 pair of boots
Stlth    ..........             (no amulet)
HPRegen  0.15/turn              (no ring)
MPRegen  0.09/turn              (no ring)

@: drained
A: retaliatory headbutt, horns 2
a: Berserk, Trog's Hand, Burn Spellbooks, Renounce Religion


You were on level 4 of the Dungeon.
You worshipped Trog.
Trog was pleased with you.
You were not hungry.

You visited 1 branch of the dungeon, and saw 4 of its levels.

You collected 209 gold pieces.

Inventory:

Hand Weapons
 a - a +0 hand axe (weapon)
 k - a +0 trident
 n - a +1 whip of draining
 s - a +0 falchion
Missiles
 h - a throwing net (quivered)
 p - 8 tomahawks
 u - 22 poisoned needles
Armour
 b - a +0 animal skin
 d - a +0 leather armour
 g - a +0 chain mail (worn)
 j - a +0 pair of boots (worn)
 r - a +2 shield of poison resistance (worn)
 x - a +0 cloak (worn)
Jewellery
 t - a +3 ring of intelligence {unknown}
Scrolls
 e - 2 scrolls of identify
 m - 2 scrolls of magic mapping
 v - a scroll of teleportation {unknown}
Potions
 f - 2 potions of invisibility
 i - a potion of curing {unknown}
 l - a potion of mutation {unknown}
 o - a potion of flight {unknown}
 q - a potion of heal wounds {unknown}
 z - a potion of resistance {unknown}
 A - a potion of ambrosia {unknown}
 B - a potion of brilliance {unknown}
Comestibles
 c - 9 rations


   Skills:
 + Level 4.8(4.6) Fighting
 + Level 4.8(4.6) Axes
 + Level 3.9(3.6) Armour
 + Level 3.5(3.3) Dodging


You had 4 spell levels left.
You didn't know any spells.

Dungeon Overview and Level Annotations

Branches:
Dungeon (4/15)             Temple (0/1) D:4

Altars:
Nemelex Xobeh
Qazlal
The Shining One

Annotations:
D:4 Menkaure


Innate Abilities, Weirdness & Mutations

You reflexively headbutt those who attack you in melee.
You have a pair of horns on your head.


Message History

Menkaure moves out of view.
You now have 209 gold pieces (gained 16).
You block Menkaure's attack.
You hit Menkaure. You headbutt Menkaure.
Menkaure is moderately damaged.
You block Menkaure's attack. Menkaure hits you but does no damage.
You hit Menkaure.
Menkaure is moderately damaged.
Menkaure hits you!
You hit Menkaure. You headbutt Menkaure!
Menkaure is severely damaged.
Menkaure calls on the powers of darkness!
Your body is wracked with pain!
Your shield and chain mail prevent you from hitting Menkaure.
Menkaure is severely damaged.
Menkaure hits you but does no damage. x2
You hit Menkaure.
Menkaure is almost destroyed.
Menkaure hits you!!
You die...

# #####
###...############
....#.##.....)...#
###...#..###.###.#
...........#.#...#######
####.....###.#.#†.......
#..##.#.....#........
#.....#.#.###.M.#####
##.##........@#.#
#####.##.#.#.###.#.#
.........#.... #....
#####....# #.# #..##.
#..#...#.# ...# ..
#..#.###.###.### .#
#..#...........
#..####..#...#
#..####..#....


You could see Menkaure.

Vanquished Creatures
  Terence (D:3)
  4 gnolls (D:3)
  4 adders
  3 dart slugs
  2 leopard geckos
  10 orcs
  6 giant cockroaches
  A goblin (D:2)
  5 hobgoblins
  3 jackals (D:4)
  3 kobolds
  2 quokkas
  4 ball pythons
  7 bats
  5 frilled lizards
  4 rats
64 creatures vanquished.

Notes
Turn   | Place    | Note
-------+----------+-------------------------------------------
     0 | D:1      | Madoushi the Minotaur Berserker began the quest for the Orb.
     0 | D:1      | Reached XP level 1. HP: 19/19 MP: 0/0
   222 | D:1      | Reached XP level 2. HP: 23/27 MP: 1/1
   469 | D:1      | Found a sparkling altar of Nemelex Xobeh.
   874 | D:2      | Reached XP level 3. HP: 24/33 MP: 2/2
  1125 | D:2      | Reached ** piety under Trog
  1281 | D:2      | Found a stormy altar of Qazlal.
  1570 | D:3      | Reached XP level 4. HP: 40/41 MP: 3/3
  2007 | D:3      | Noticed Terence
  2020 | D:3      | Killed Terence
  2020 | D:3      | Reached XP level 5. HP: 47/47 MP: 4/4
  2053 | D:3      | Found a glowing golden altar of the Shining One.
  2608 | D:4      | Found a staircase to the Ecumenical Temple.
  2822 | D:4      | Noticed Menkaure
  2833 | D:4      | Slain by Menkaure

Skill      XL: |  1  2  3 |
---------------+----------+-----
Axes           | 4 |  4.8
Fighting       | 4 |  4.8
Armour         | 3 |  3.9
Dodging        | 3 |  3.5

Action                   |  1- 3 |  4- 6 || total
-------------------------+-------+-------++-------
Melee: Hand axe          |    62 |    98 ||   160
       Headbutt          |     9 |    20 ||    29
Throw: Throwing net      |     1 |       ||     1
  Use: Scroll            |     5 |     1 ||     6
  Eat: Ration            |     1 |     1 ||     2
       Chunk             |     1 |       ||     1
Armor: Animal skin       |     6 |       ||     6
       Chain mail        |    13 |    31 ||    44
Dodge: Dodged            |    53 |    41 ||    94
Block: Shield            |       |    20 ||    20
